 Dungeon Crawl Stone Soup version 0.29.0-13-gc9e81de378 (webtiles) character file.

Game seed: 2064158197730181679

463 groovy9 the Cleaver (level 6, 51/51 HPs)
             Began as a Minotaur Fighter on Sept 9, 2022.
             Was an Initiate of Cheibriados.
             Quit the game on level 4 of the Dungeon.
             The game lasted 00:10:00 (3230 turns).

groovy9 the Cleaver (Minotaur Fighter)              Turns: 3230, Time: 00:10:00

Health: 51/51      AC:  9    Str: 24    XL:     6   Next: 79%
Magic:  5/5        EV:  9    Int:  6    God:    Cheibriados [......]
Gold:   187        SH:  4    Dex: 10    Spells: 5/5 levels left

rFire   . . .      SeeInvis .   a - +0 war axe (freeze)
rCold   x x .      Faith    .   c - +0 buckler
rNeg    . . .      Spirit   .   b - +1 scale mail
rPois   .          Reflect  .   (helmet restricted)
rElec   x          Harm     .   e - +0 cloak
rCorr   +          Rampage  .   (no gloves)
Will    .....                   (no boots)
Stlth   ..........              (no amulet)
HPRegen 0.17/turn               i - ring of resist corrosion
MPRegen 0.09/turn               (no ring)

@: very slow
A: horns 2, retaliatory headbutt, [cold vulnerability 2], [electricity
vulnerability]
a: Renounce Religion


You were on level 4 of the Dungeon.
You worshipped Cheibriados.
Cheibriados was noncommittal.
You visited 1 branch of the dungeon, and saw 4 of its levels.

You collected 187 gold pieces.

Inventory:

Hand Weapons
 a - a +0 war axe of freezing (weapon)
Armour
 b - a +1 scale mail (worn)
 c - a +0 buckler (worn)
 e - a +0 cloak (worn)
Jewellery
 g - a ring of magical power
 h - a ring of fire
 i - a ring of resist corrosion (left hand)
Wands
 l - a wand of flame (6)
Scrolls
 f - a scroll of poison
 m - a scroll of enchant armour
 p - a scroll of brand weapon
 q - a scroll of teleportation
 r - a scroll of immolation {unknown}
Potions
 d - 2 potions of might
 j - a potion of flight
 k - a potion of heal wounds
 n - a potion of mutation {unknown}
 o - a potion of degeneration {unknown}


   Skills:
 - Level 3.6 Fighting
 + Level 8.9 Axes
 - Level 3.6 Armour
 - Level 3.6 Shields


You had 5 spell levels left.
You didn't know any spells.
Your spell library contained the following spells:

 Spells                   Type           Power      Damage    Failure   Level
 Sublimation of Blood     Necr           0%         N/A       94%         2
 Ignite Poison            Fire/Tmut/Pois 0%         N/A       99%         3
 Mephitic Cloud           Conj/Pois/Air  0%         N/A       99%         3
 Petrify                  Tmut/Erth      0%         N/A       100%        4
 Freezing Cloud           Conj/Ice/Air   0%         6-21      100%        5
 Irradiate                Conj/Tmut      0%         3d11      100%        5


Dungeon Overview and Level Annotations

Branches:
Dungeon (4/15)
 Temple: D:4-7

Altars:
Cheibriados
Qazlal
Wu Jian
Xom


Innate Abilities, Weirdness & Mutations

You have a pair of horns on your head.
You reflexively headbutt those who attack you in melee.
[You are very vulnerable to cold. (rC--)]
[You are vulnerable to electric shocks.]


Message History

The scorpion is severely wounded.
The scorpion stings you but does no damage.
You closely miss the scorpion.
The scorpion is severely wounded.
The scorpion stings you.
You are poisoned.
The scorpion poisons you! The scorpion stings you.
You are more poisoned.
The scorpion poisons you!
You hit the scorpion. You freeze the scorpion.
You kill the scorpion!
Cheibriados appreciates the change of pace.
You feel very sick.
No target in view!
No target in view!
No target in view!
You feel very sick.
You feel very sick.
You feel very sick.
You feel sick.
You feel sick.
You feel sick.
You feel sick.
You feel sick.
You feel sick.
You feel sick.
You feel sick.
You feel sick.
You feel sick.
You feel sick.
You feel sick.
You are no longer poisoned.
Qazlal causes a mighty clap of thunder!
You feel vulnerable to electricity.
Qazlal strips away your elemental protection.
There is a stone staircase leading up here.
You enter the shallow water.
Moving in this stuff is going to be slow.
Partly explored, can't reach some places.
Are you sure you want to abandon this character and quit the game? (Confirm with "yes".)

# ### # #≈# # #≈##
##
##≈≈##############.
#.≈≈..##...........
#.≈≈..............#
##.~≈.~##...........
#..@.~..###########.
#.....~.##########..
#..~~...............
#..~~.~~#########.##
#~.~~...# #...##
#.~~~..~### #.###
#..~~~~...### #.# #
#..~~~..#...###)####
#.~≈~...###.##))##..


There were no monsters in sight!

Vanquished Creatures
  An ogre (D:4)
  A phantom (D:4)
  A scorpion (D:4)
  2 hounds (D:4)
  An orc priest (D:2)
  3 gnolls (D:4)
  4 adders
  An ufetubus (D:4)
  3 worms
  A dart slug (D:3)
  4 orcs
  4 bats
  12 endoplasms
  4 giant cockroaches
  7 goblins
  6 hobgoblins
  3 quokkas
  6 ball pythons
  3 frilled lizards
  5 kobolds
  2 rats (D:1)
74 creatures vanquished.

Vanquished Creatures (others)
  An orc wizard (D:2)
  2 withered plants (D:3)
3 creatures vanquished.

Grand Total: 77 creatures vanquished

Notes
Turn   | Place    | Note
-------+----------+-------------------------------------------
     0 | D:1      | groovy9 the Minotaur Fighter began the quest for the Orb.
     0 | D:1      | Reached XP level 1. HP: 19/19 MP: 0/0
   145 | D:1      | Reached skill level 3 in Axes
   160 | D:1      | Reached XP level 2. HP: 26/26 MP: 1/1
   421 | D:1      | Reached skill level 4 in Axes
   913 | D:2      | Reached XP level 3. HP: 26/31 MP: 2/2
  1122 | D:2      | Reached skill level 5 in Axes
  1122 | D:2      | Reached XP level 4. HP: 7/39 MP: 3/3
  1581 | D:2      | Found a stormy altar of Qazlal.
  1589 | D:2      | Became a worshipper of Qazlal Stormbringer
  1864 | D:3      | Reached skill level 6 in Axes
  1921 | D:3      | Found a faded altar of an unknown god.
  2049 | D:3      | Reached XP level 5. HP: 40/45 MP: 4/4
  2103 | D:3      | Found a snail-covered altar of Cheibriados.
  2107 | D:3      | Fell from the grace of Qazlal
  2107 | D:3      | Became a worshipper of Cheibriados the Contemplative
  2503 | D:4      | Found an ornate altar of the Wu Jian Council.
  2504 | D:4      | Noticed an ogre
  2508 | D:4      | Killed an ogre
  2509 | D:4      | Reached skill level 7 in Axes
  2569 | D:4      | Found a shimmering altar of Xom.
  2625 | D:4      | Noticed a phantom
  2646 | D:4      | Killed a phantom
  2647 | D:4      | Reached skill level 8 in Axes
  2647 | D:4      | Reached XP level 6. HP: 37/51 MP: 5/5
  3230 | D:4      | Quit the game

Illustrated notes

Levels and vault maps discovered:
D:1:      dpeg_arrival_erosion, layout_basic, minmay_pentomino_u2
D:2:      layout_basic, basic_altar
D:3:      layout_rooms, mainiacjoe_overflow_24_doors,
          ebering_ecumenical_altar_petrified
D:4:      layout_rooms, lemuel_round_altar, nicolae_wu_jian_wuxing_cycle,
          chequers_serial_rivers_small_3, lemuel_another_geyser

Skill      XL: |  1  2  3  4  5 |
---------------+----------------+-----
Axes           | 3 4 5 6 8 |  8.9
Fighting       | |  3.6
Armour         | |  3.6
Shields        | |  3.6

Action                   |  1- 3 |  4- 6 || total
-------------------------+-------+-------++-------
Melee: War axe           |    71 |    83 ||   154
       Headbutt          |     5 |     9 ||    14
  Use: Scroll            |     2 |     6 ||     8
       Potion            |       |     4 ||     4
Armor: Scale mail        |    33 |    39 ||    72
Dodge: Dodged            |    33 |    46 ||    79
Block: Buckler           |    15 |    19 ||    34
